 Dungeon Sprint DCSS version 0.18.1-48-g4cf74bf (webtiles) character file.

8 Neosonic97 the Conjurer (level 2, -2/20 HPs)
             Began as a Draconian Conjurer on Sept 9, 2016.
             Was an Initiate of Vehumet.
             Slain by an iron imp (11 damage)
             ... in the Dungeon (Sprint V: "Ziggurat Sprint").
             The game lasted 00:02:15 (169 turns).

Neosonic97 the Conjurer (Draconian Conjurer)         Turns: 169, Time: 00:02:15

Health: -2/20      AC:  4    Str: 10    XL:     2   Next: 0%
Magic:  2/7        EV: 13    Int: 27    God:    Vehumet [......]
Gold:   0          SH:  0    Dex: 11    Spells: 2 memorised, 6 levels left

rFire  . . .     SeeInvis .     (no weapon)
rCold  . . .     Gourm    .     (armour unavailable)
rNeg   . . .     Faith    .     (no shield)
rPois  .         Spirit   .     (helmet restricted)
rElec  .         Dismiss  .     (no cloak)
rCorr  .         Reflect  .     (no gloves)
SustAt .         Harm     .     (no boots)
MR     .....     NoTele   +     (no amulet)
Stlth  ++........               E - +6 ring of intelligence
                                D - +6 ring of intelligence

@: not resistant to hostile enchantments, unstealthy
A: unfitting armour, cold-blooded, AC +4
a: Renounce Religion


You were in the Dungeon.
You worshipped Vehumet.
Vehumet was noncommittal.
You were not hungry.

You visited 1 branch

Inventory:

Jewellery
 B - a +6 ring of dexterity
 C - a +6 ring of dexterity
 D - a +6 ring of intelligence (left hand)
 E - a +6 ring of intelligence (right hand)
 F - a +6 ring of strength
 G - a +6 ring of strength
Wands
 x - a wand of disintegration (7/24)
 y - a wand of iceblast (5/15)
 z - a wand of lightning (5/15)
 A - a wand of acid (5/15)
Scrolls
 h - 4 scrolls of blinking
 o - 4 scrolls of amnesia
 p - 3 scrolls of recharging
 q - 7 scrolls of fog
 r - a scroll of holy word
 s - 5 scrolls of identify
 t - 5 scrolls of remove curse
 u - 2 scrolls of fear
Potions
 c - 10 potions of curing
 d - 10 potions of heal wounds
 e - 6 potions of haste
 f - 7 potions of magic
 g - 3 potions of berserk rage
 i - 2 potions of brilliance
 j - 2 potions of invisibility
 k - 4 potions of resistance
 m - 5 potions of agility
 n - 5 potions of might
Books
 a - a book of Conjurations

   Spells                             Type                      Level
   a - Magic Dart                     Conjuration                  1
   b - Searing Ray                    Conjuration                  2
   c - Dazzling Spray                 Conjuration/Hexes            3
   d - Fulminant Prism                Conjuration/Hexes            4
   e - Iskenderun's Mystic Blast      Conjuration                  4
   f - Iskenderun's Battlesphere      Conjuration/Charms           5
Miscellaneous
 H - a crystal ball of energy
Comestibles
 b - 5 bread rations
 v - 42 fruits
 w - 4 meat rations


   Skills:
 * Level 4.1 Dodging
 - Level 1.7 Stealth
 * Level 4.2 Spellcasting
 * Level 5.9 Conjurations


You had 6 spell levels left.
You knew the following spells:

 Your Spells              Type           Power        Failure   Level  Hunger
a - Magic Dart            Conj           ####         1%          1    None
b - Searing Ray           Conj           #####.       1%          2    None


Dungeon Overview and Level Annotations

Branches:
Dungeon (1/1)

Altars:
Ashenzari
Cheibriados
Dithmenos
Elyvilon
Fedhas
Gozag
Kikubaaqudgha
Makhleb
Nemelex Xobeh
Okawaru
Pakellas
Qazlal
Ru
Sif Muna
Trog
Vehumet
Xom
Yredelemnul
Zin
The Shining One
Beogh
Jiyva
Lugonu


Innate Abilities, Weirdness & Mutations

Your plain brown scales are hard (AC +4).
Your body does not fit into most forms of armour.
You are cold-blooded and may be slowed by cold attacks.


Message History

The crimson imp hits you but does no damage.
You miss the crimson imp.
The crimson imp is lightly wounded.
The iron imp closely misses you.
The crimson imp hits you but does no damage.
You hit the crimson imp.
The crimson imp is lightly wounded.
The crimson imp closely misses you. The iron imp barely misses you.
You hit the crimson imp.
The crimson imp is moderately wounded.
The crimson imp completely misses you.
You hit the crimson imp.
The crimson imp is moderately wounded.
The iron imp barely misses you.
The crimson imp hits you but does no damage.
You barely miss the crimson imp.
The crimson imp is lightly wounded.
The iron imp hits you!
Ouch! That really hurt!
You die...

▓▓▓▓▓▓▓
▓.8©8.▓
▓.....▓
▓.|.=.▓
▓.....▓
▓.5@..▓
▓.5...▓
▓▓▓▓▓▓▓


You could see an iron imp and a crimson imp.

Vanquished Creatures (others)
  2 spatial maelstroms (D)
2 creatures vanquished.

Notes
Turn   | Place    | Note
--------------------------------------------------------------
     0 | D        | Neosonic97 the Draconian Conjurer began the quest for the Orb.
     0 | D        | Reached XP level 1. HP: 14/14 MP: 3/3
     0 | D        | Found a viscous altar of Jiyva.
     0 | D        | Found a roughly hewn altar of Beogh.
     0 | D        | Found a corrupted altar of Lugonu.
     0 | D        | Found a white marble altar of Elyvilon.
     0 | D        | Found a sparkling altar of Nemelex Xobeh.
     1 | D        | Found a burning altar of Makhleb.
     1 | D        | Found an iron altar of Okawaru.
     1 | D        | Found a deep blue altar of Sif Muna.
     1 | D        | Found a radiant altar of Vehumet.
     1 | D        | Found a bloodstained altar of Trog.
     1 | D        | Found a shimmering altar of Xom.
     2 | D        | Banished a spatial maelstrom
     4 | D        | Banished a spatial maelstrom
   119 | D        | Became a worshipper of Vehumet
   140 | D        | Reached skill level 5 in Conjurations
   140 | D        | Reached XP level 2. HP: 20/20 MP: 4/7
   144 | D        | Learned a level 2 spell: Searing Ray
   152 | D        | Entered arena 1.
   152 | D        | Noticed a crimson imp
   169 | D        | Slain by an iron imp

Skill      XL: |  1 |
---------------+----+-----
Dodging        | 4 |  4.1
Spellcasting   | 4 |  4.2
Conjurations   | 5 |  5.9
Stealth        | |  1.7

Action                   || total
-------------------------++-------
Melee: Unarmed           ||    13
       Tailslap          ||     1
 Cast: Searing Ray       ||     2
       Magic Dart        ||     1
  Use: Potion            ||     1
Armor: Skin              ||     5
Dodge: Dodged            ||    15
